 Dungeon Crawl Stone Soup version 0.31-a0-1388-g4b2ba238e7 (webtiles) character file.

Game seed: 4195241556405619881

36067 pokeman the Eclecticist (level 13, -11/72 HPs)
             Began as a Deep Elf Hedge Wizard on Dec 23, 2023.
             Was a High Priest of Vehumet.
             Killed from afar by an ice statue (23 damage)
             ... with a shard of ice
             ... in an ice cave on Dec 24, 2023.
             The game lasted 00:50:06 (17580 turns).

pokeman the Eclecticist (Deep Elf Hedge Wizard)    Turns: 17580, Time: 00:50:06

Health: -11/72     AC: 14    Str: 11    XL:     13   Next: 51%
Magic:  35/38      EV: 17    Int: 31    God:    Vehumet [*****.]
Gold:   1049       SH:  0    Dex: 16    Spells: 30/50 levels left

rFire   + . .        a - +10 mace of Faiff {venom, Str+4 SInv}
rCold   . . .        (no shield)
rNeg    + . .        i - +2 leather armour {rF+}
rPois   .            C - +2 helmet
rElec   .            W - +0 cloak
rCorr   .            R - +0 pair of gloves
SInv    +            u - +2 pair of boots
Will    +....        P - amulet of Nownur {RegenMP *Slow rN+ Dex+2}
Stlth   ++           k - +5 ring of evasion
HPRegen 0.32/turn    m - +6 ring of intelligence
MPRegen 0.66/turn

%: slow self (1%)
@: no status effects
A: no striking features
a: Renounce Religion


You were in an ice cave.
You worshipped Vehumet.
Vehumet was extremely pleased with you.
You visited 3 branches of the dungeon, and saw 16 of its levels.
You also visited: Ice Cave.

You collected 1049 gold pieces.

Inventory:

Hand Weapons
 a - the +10 mace of Faiff (weapon) {venom, Str+4 SInv}
   (You took it off a goblin on level 4 of the Dungeon)

   Str+4:     It affects your strength (+4).
   SInv:      It lets you see invisible.
Missiles
 I - 9 throwing nets
 T - 5 curare-tipped darts
Armour
 i - a +2 leather armour of fire resistance (worn)
 u - a +2 pair of boots (worn)
 C - a +2 helmet (worn)
 R - a +0 pair of gloves (worn)
 W - a +0 cloak (worn)
Magical Staves
 c - a staff of fire
Jewellery
 k - a +5 ring of evasion (left hand)
 m - a +6 ring of intelligence (right hand)
 N - the amulet of Xukia {Spirit Rampage Fly Will- Dex+7}
   (You found it on level 7 of the Dungeon)

   [amulet of guardian spirit]

   Spirit:    It causes incoming damage to be divided between your reserves of
   health and magic.
   Dex+7:     It affects your dexterity (+7).
   Will-:     It decreases your willpower.
   Fly:       It grants you flight.
   Rampage:   It bestows one free step when moving towards enemies.
 P - the amulet of Nownur (around neck) {RegenMP *Slow rN+ Dex+2}
   (You found it on level 9 of the Dungeon)

   [amulet of magic regeneration]

   RegenMP:   It increases your rate of magic regeneration.
   Dex+2:     It affects your dexterity (+2).
   rN+:       It protects you from negative energy.
   *Slow:     It may slow you when you take damage.
 V - a ring of fire
Wands
 U - a wand of quicksilver (5)
 X - a wand of digging (4)
Scrolls
 q - 2 scrolls of blinking
 w - a scroll of butterflies {unknown}
 y - 6 scrolls of teleportation
 L - a scroll of revelation
 O - a scroll of fear {unknown}
 Z - a scroll of immolation {unknown}
Potions
 d - 4 potions of magic
 e - 2 potions of invisibility {unknown}
 f - 8 potions of curing {unknown}
 g - a potion of ambrosia {unknown}
 h - a potion of resistance {unknown}
 n - 3 potions of haste {unknown}
 o - 3 potions of attraction {unknown}
 p - 7 potions of heal wounds {unknown}
 t - 4 potions of enlightenment {unknown}
 x - 4 potions of brilliance {unknown}
 z - a potion of lignification {unknown}
 F - 2 potions of mutation {unknown}
 Y - 2 potions of degeneration {unknown}
Miscellaneous
 b - a box of beasts
 S - a lightning rod (4/4)


   Skills:
 + Level 4.8 Fighting
 - Level 5.0 Armour
 - Level 3.0 Dodging
 - Level 3.0 Stealth
 - Level 5.0 Shields
 * Level 19.1 Spellcasting
 + Level 11.5 Conjurations
 - Level 1.1 Summonings
 - Level 1.1 Necromancy
 - Level 1.1 Translocations
 + Level 10.5 Fire Magic
 - Level 1.0 Ice Magic
 - Level 1.1 Air Magic
 - Level 4.0 Earth Magic
 - Level 1.0 Alchemy
 - Level 1.0 Evocations


You had 30 spell levels left.
You knew the following spells:

 Your Spells              Type           Power      Damage    Failure   Level
a - Magic Dart            Conj           100%       1d8       0%          1
b - Mephitic Cloud        Conj/Alch/Air  55%        N/A       1%          3
c - Call Imp              Summ           72%        N/A       1%          2
d - Blink                 Tloc           72%        N/A       1%          2
e - Stone Arrow           Conj/Erth      100%       3d13      1%          3
f - Flame Wave            Conj/Fire      78%        2d17      1%          4
g - Freezing Cloud        Conj/Ice/Air   27%        6-21      1%          5

Your spell library contained the following spells:

 Spells                   Type           Power      Damage    Failure   Level
 Conjure Ball Lightning   Conj/Air       31%        3x3d10    5%          6
 Slow                     Hex            100%       N/A       1%          1
 Cigotuvi's Dreadful Rot  Necr/Alch/Air  72%        N/A       1%          2
 Frozen Ramparts          Ice            70%        1d11      1%          3
 Jinxbite                 Hex            58%        N/A       2%          2
 Fugue of the Fallen      Necr           36%        N/A       3%          3
 Ozocubu's Armour         Ice            35%        N/A       3%          3
 Leda's Liquefaction      Alch/Erth      22%        N/A       5%          4
 Petrify                  Alch/Erth      45%        N/A       5%          4
 Manifold Assault         Tloc           36%        N/A       11%         4
 Yara's Violent Unravell  Hex/Alch       16%        3d8       11%         5
 Metabolic Englaciation   Hex/Ice        16%        N/A       36%         5
 Enfeeble                 Hex            14%        N/A       100%        7


Dungeon Overview and Level Annotations

Branches:
Dungeon (14/15)            Temple (1/1) D:7            Lair (1/5) D:10
    Orc (0/2) D:12         Vaults (0/5) D:13          IceCv (1/1)

Altars:
Ashenzari
Cheibriados
Dithmenos
Elyvilon
Fedhas
Gozag
Hepliaklqana
Kikubaaqudgha
Makhleb
Nemelex Xobeh
Okawaru
Qazlal
Ru
Sif Muna
Trog
Uskayaw
Vehumet
Wu Jian
Xom
Yredelemnul
Zin
The Shining One

Shops:
D:8 :

Portals:
Trove: D:11 (give 12 potions of heal wounds)

Annotations:
IceCv exclusion: ice statue


Message History

An ice beast is nearby!
Casting: Stone Arrow (safe; 1% risk of failure)
Confirm with . or Enter, or press ? or * to list all spells.
Aiming: Stone Arrow (safe; 1% risk of failure)
Press: ? - help, Shift-Dir - straight line, f/p - ice beast
Aim: an ice beast (heavily wounded, summoned, 78% to hit)
The stone arrow hits the ice beast!!
You kill the ice beast!
The ice beast disappears in a puff of smoke!
Unknown command.
You start resting.
Magic restored.
You start resting.
HP restored.
The ice statue gestures at you. The bolt of cold hits you!!
Casting: Stone Arrow (safe; 1% risk of failure)
Confirm with . or Enter, or press ? or * to list all spells.
Aiming: Stone Arrow (safe; 1% risk of failure)
Press: ? - help, Shift-Dir - straight line, f - ice statue
Aim: an ice statue (100% to hit)
The stone arrow hits the ice statue!
The ice statue is moderately damaged.
The ice statue gestures at you.
The freezing blast engulfs you but does no damage.
Casting: Stone Arrow (safe; 1% risk of failure)
Confirm with . or Enter, or press ? or * to list all spells.
Aiming: Stone Arrow (safe; 1% risk of failure)
Press: ? - help, Shift-Dir - straight line, f/p - ice statue
Aim: an ice statue (freezing vapour, moderately damaged, 100% to hit)
The stone arrow hits the ice statue!!
The ice statue is severely damaged.
You are engulfed in freezing vapours.
Unknown command.
You are engulfed in freezing vapours.
* * * LOW HITPOINT WARNING * * *
The ice statue gestures.
The ice statue gestures at you. The shard of ice hits you!!
You die...

##### ##...#####
##........## #
#..........## .#
##..........#...
#...............
##....@○.○Y...#
#.....○○○☼.###
#.#..°○#8###
####..####
##...#
##..#.≈≈≈.#
#..##≈≈≈#...
#...##### .
##...##


You could see an ice statue and an ice beast (summoned).

Vanquished Creatures
  Azrael (D:12)
  4 vault guards (D:13)
  2 two-headed ogres (D:13)
  A tengu warrior (D:13)
  Sonja (D:12)
  7 skeletal warriors
  A swamp dragon (D:14)
  2 arcanists (D:13)
  Pikel (D:6)
  An ugly thing (D:13)
  An oklob plant (D:10)
  A cyclops (D:12)
  2 manticores
  4 elephants (Lair:1)
  Joseph (D:7)
  A black mamba (shapeshifter) (D:13)
  An ice statue (IceCv)
  A yaktaur (D:13)
  2 anaconda simulacra (IceCv)
  2 unseen horrors
  A komodo dragon (Lair:1)
  An ice devil (IceCv)
  4 trolls
  2 hornets (D:9)
  A wolf spider simulacrum (D:10)
  12 slime creatures
  A vampire (D:13)
  22 yaks
  2 wyverns
  Grum (D:8)
  3 fire elementals
  18 humans (D:13)
  A wraith (D:12)
  2 basilisks
  A death yak simulacrum (IceCv)
  4 steam dragons
  Menkaure (D:4)
  10 vampire mosquitoes
  An acid dragon (D:11)
  2 hell hounds (D:12)
  A water moccasin (D:8)
  8 orc warriors
  2 sky beasts (D:7)
  An ice beast (D:5)
  4 ogres
  10 centaurs
  A phantom (D:4)
  4 kobold brigands
  4 bullfrogs
  2 gnoll sergeants (D:8)
  2 scorpions
  2 two-headed ogre simulacra (IceCv)
  5 wights (D:9)
  5 howler monkeys
  3 jellies
  7 orc priests
  22 hounds
  9 gnoll boudas
  Natasha (thrice) (D:3)
  3 iguanas
  Ijyb (D:4)
  2 sleepcaps
  8 orc wizards
  A polar bear simulacrum (IceCv)
  A spriggan simulacrum (IceCv)
  A wolf simulacrum (IceCv)
  14 adders
  54 gnolls
  A shadow imp (D:7)
  14 white imps
  2 bombardier beetles (D:5)
  4 ufetubi
  6 dart slugs
  A worm (D:4)
  48 orcs
  9 ball pythons
  8 endoplasms
  2 giant cockroaches
  8 goblins
  16 hobgoblins
  26 jackals
  A quokka (D:2)
  7 bats
  2 frilled lizards
  23 kobolds
  7 rats
492 creatures vanquished.

Vanquished Creatures (collateral kills)
  A kobold (D:8)
1 creature vanquished.

Vanquished Creatures (others)
  A kobold brigand (D:8)
  2 kobolds (D:8)
3 creatures vanquished.

Grand Total: 496 creatures vanquished

Notes
Turn   | Place    | Note
-------+----------+-------------------------------------------
     0 | D:1      | pokeman the Deep Elf Hedge Wizard began the quest for the
                  | Orb.
     0 | D:1      | Reached XP level 1. HP: 10/10 MP: 7/7
    99 | D:1      | Reached XP level 2. HP: 15/16 MP: 0/9
   770 | D:1      | Reached skill level 5 in Spellcasting
  1195 | D:2      | Reached XP level 3. HP: 20/20 MP: 5/11
  1206 | D:2      | Learned a level 3 spell: Mephitic Cloud
  1209 | D:2      | Learned a level 2 spell: Call Imp
  1212 | D:2      | Learned a level 2 spell: Blink
  1511 | D:2      | Reached skill level 1 in Fighting
  1753 | D:2      | Reached skill level 1 in Armour
  2083 | D:2      | Reached XP level 4. HP: 25/25 MP: 6/13
  2379 | D:3      | You fall into a shaft and drop 3 floors!
  2396 | D:6      | Noticed a lemure
  2396 | D:6      | Noticed a lemure
  2396 | D:6      | Noticed Pikel
  2410 | D:5      | Entered Level 5 of the Dungeon
  2460 | D:5      | Found a sparkling altar of Nemelex Xobeh.
  2709 | D:4      | Reached skill level 1 in Shields
  2709 | D:4      | Reached skill level 6 in Spellcasting
  2709 | D:4      | Reached XP level 5. HP: 27/29 MP: 6/15
  3184 | D:3      | Noticed Natasha
  3188 | D:3      | Killed Natasha
  3435 | D:3      | Reached skill level 1 in Alchemy
  3585 | D:3      | Noticed Natasha
  3590 | D:3      | Killed Natasha
  3591 | D:3      | Reached XP level 6. HP: 34/34 MP: 12/17
  4081 | D:3      | Noticed Natasha
  4086 | D:3      | Killed Natasha
  4166 | D:4      | Reached skill level 7 in Spellcasting
  4166 | D:4      | Reached skill level 1 in Air Magic
  4166 | D:4      | Reached skill level 1 in Earth Magic
  4166 | D:4      | Reached skill level 1 in Evocations
  4167 | D:4      | Noticed Menkaure
  4292 | D:4      | Reached XP level 7. HP: 38/38 MP: 11/19
  4573 | D:4      | Killed Menkaure
  4694 | D:4      | Reached skill level 8 in Spellcasting
  4769 | D:4      | Noticed Ijyb
  4802 | D:4      | Killed Ijyb
  5146 | D:4      | Identified the +10 mace of Faiff {venom, Str+4 SInv}
  5546 | D:5      | Reached XP level 8. HP: 44/44 MP: 18/22
  5679 | D:5      | Reached skill level 9 in Spellcasting
  6259 | D:5      | Reached skill level 1 in Fire Magic
  6262 | D:5      | Reached skill level 5 in Conjurations
  6931 | D:5      | Reached skill level 10 in Spellcasting
  7229 | D:6      | Killed Pikel
  7230 | D:6      | Reached XP level 9. HP: 38/48 MP: 20/25
  7288 | D:6      | Identified the +8 war axe of Doom {pain, *Slow Str+8}
  8119 | D:7      | Reached skill level 1 in Necromancy
  8123 | D:7      | Found a staircase to the Ecumenical Temple.
  8135 | Temple   | Entered the Ecumenical Temple
  8142 | Temple   | Became a worshipper of Vehumet
  8170 | D:7      | Reached skill level 11 in Spellcasting
  8490 | D:7      | Identified the amulet of Xukia {Spirit Rampage Fly Will-
                  | Dex+7}
  8508 | D:7      | Noticed Joseph
  8754 | D:7      | Killed Joseph
  8754 | D:7      | Reached * piety under Vehumet
  8754 | D:7      | Offered knowledge of Freeze by Vehumet.
  8755 | D:7      | Reached skill level 12 in Spellcasting
  8970 | D:7      | Found a hide-covered altar of Uskayaw.
  9173 | D:8      | Found a white marble altar of Elyvilon.
  9264 | D:8      | Reached XP level 10. HP: 32/53 MP: 20/28
  9304 | D:8      | Reached skill level 5 in Fire Magic
  9345 | D:8      | Found Kyqiyr's Book Shoppe.
  9491 | D:8      | Reached ** piety under Vehumet
  9502 | D:8      | Offered knowledge of Searing Ray by Vehumet.
  9607 | D:8      | Reached skill level 13 in Spellcasting
  9871 | D:8      | Noticed Grum
  9878 | D:8      | Killed Grum
 10503 | D:9      | Offered knowledge of Stone Arrow by Vehumet.
 10510 | D:8      | Learned a level 3 spell: Stone Arrow
 10597 | D:9      | Found a bloodstained altar of Trog.
 10834 | D:9      | Reached *** piety under Vehumet
 10838 | D:9      | Reached skill level 14 in Spellcasting
 10868 | D:9      | Identified the amulet of Nownur {RegenMP *Slow rN+ Dex+2}
 11250 | D:10     | Entered Level 10 of the Dungeon
 11253 | D:10     | Reached XP level 11. HP: 61/61 MP: 26/31
 11290 | D:10     | Noticed an oklob plant
 11292 | D:10     | Found a staircase to the Lair.
 11296 | D:10     | Killed an oklob plant
 11461 | D:10     | Noticed a skeletal warrior
 11462 | D:10     | Noticed a skeletal warrior
 11484 | D:10     | Killed a skeletal warrior
 11496 | D:10     | Noticed a skeletal warrior
 11505 | D:10     | Killed a skeletal warrior
 11523 | D:10     | Noticed a skeletal warrior
 11615 | D:10     | Killed a skeletal warrior
 11616 | D:10     | Reached skill level 15 in Spellcasting
 11683 | D:10     | Offered knowledge of Flame Wave by Vehumet.
 11694 | D:10     | Learned a level 4 spell: Flame Wave
 11747 | D:10     | Killed a skeletal warrior
 12553 | D:11     | Reached **** piety under Vehumet
 12716 | D:11     | Offered knowledge of Freezing Cloud by Vehumet.
 12723 | D:11     | Learned a level 5 spell: Freezing Cloud
 12985 | D:11     | Found a portal to a secret trove of treasure.
 13275 | D:12     | Reached skill level 16 in Spellcasting
 13373 | D:11     | Reached skill level 1 in Ice Magic
 13494 | D:12     | Found a staircase to the Orcish Mines.
 13595 | D:12     | Reached XP level 12. HP: 66/66 MP: 31/34
 13613 | D:12     | Noticed Azrael
 13736 | D:12     | Upgraded the game from 0.31-a0-1370-gf52a5a9ab3 to
                  | 0.31-a0-1388-g4b2ba238e7
 14050 | D:12     | Noticed Sonja
 14110 | D:12     | Killed Sonja
 14537 | D:12     | Killed Azrael
 14538 | D:12     | Reached skill level 10 in Conjurations
 14738 | D:13     | Noticed a tengu warrior
 14743 | D:13     | Killed a tengu warrior
 14748 | D:13     | Reached skill level 17 in Spellcasting
 14951 | D:13     | Noticed a two-headed ogre
 14956 | D:13     | Killed a two-headed ogre
 14956 | D:13     | Reached ***** piety under Vehumet
 14956 | D:13     | Offered knowledge of Conjure Ball Lightning by Vehumet.
 15025 | D:13     | Reached skill level 5 in Shields
 15044 | D:13     | Noticed a vault guard
 15051 | D:13     | Noticed a vault guard
 15072 | D:13     | Killed a vault guard
 15084 | D:13     | Killed a vault guard
 15156 | D:13     | Noticed a vault guard
 15164 | D:13     | Killed a vault guard
 15183 | D:13     | Reached skill level 18 in Spellcasting
 15217 | D:13     | Noticed a vault guard
 15221 | D:13     | Killed a vault guard
 15222 | D:13     | Reached XP level 13. HP: 52/70 MP: 24/37
 15293 | D:13     | Found a gate to the Vaults.
 15551 | D:13     | Reached skill level 5 in Armour
 15551 | D:13     | Reached skill level 10 in Fire Magic
 16796 | Lair:1   | Entered Level 1 of the Lair of Beasts
 16829 | Lair:1   | Reached skill level 19 in Spellcasting
 16991 | Lair:1   | Found a frozen archway.
 17029 | IceCv    | Entered an ice cave
 17580 | IceCv    | Killed from afar by an ice statue

Illustrated notes

Levels and vault maps discovered:
D:1:      nicolae_arrival_memento_mori, layout_loops_ring
D:2:      layout_basic, grunt_ministairs_3, nrook_loot_triangle,
          serial_park_tiny_pond, minmay_tromino_v2
D:3:      layout_basic, minmay_fountain_box, st_stairs_1, minmay_unequal,
          uniq_natasha
D:4:      layout_loops_ring, uniq_ijyb, uniq_menkaure
D:5:      lemuel_castle_with_subvaults [lemuel_castle_interior_carwin_1],
          layout_loops_ring, nemelex_spade_bored_becter
D:6:      layout_cave_pods, uniq_pikel
D:7:      layout_basic, nicolae_uskayaw_dance_studio, minmay_temple_entry_glass,
          uniq_joseph
D:8:      layout_cave_pools, elyvilon_altar_1, serial_gnoll_camp,
          gnoll_camp_mini_house, gnoll_camp_medium_02, grums_kennel,
          gnoll_camp_mini_basic, gnoll_camp_mini_shop, gnoll_camp_mini_doghouse,
          dreamdust_princess_corridor, st_stairs_8
D:9:      layout_roguey, trog_three_pillars_becter, serial_glass,
          glass_columns_c, glass_columns_b, glass_columns_a, glass_columns_a
D:10:     layout_cave_pools, dpeg_oklobed_lair, minmay_misc_feat_columns,
          chequers_serial_rivers_small_a
D:11:     layout_loops_ring, serial_aquarium, aquarium_bridge_island_small
          [aquarium_subvault_small_open, aquarium_subvault_wall,
          aquarium_subvault_bridge, aquarium_subvault_balcony,
          aquarium_subvault_bridge], aquarium_bridge_square
          [aquarium_subvault_wall, aquarium_subvault_bridge,
          aquarium_subvault_bridge, aquarium_subvault_window],
          aquarium_window_1, aquarium_window_fake, aquarium_window_fake,
          aquarium_view_2f, aquarium_view_2g, aquarium_pool_1,
          nicolae_trove_entry_columns
D:12:     layout_irregular_city, orc_0_dummy, uniq_azrael, uniq_sonja
D:13:     layout_basic, grunt_vaults_entry_tiered, special_room
          [special_room_orc]
D:14:     minmay_blocking_statues, layout_layer_cave, grunt_dithmenos_shadows,
          pond, uniq_agnes, uniq_josephine
Temple:   nicolae_temple_no_exploring_needed
Lair:1:   layout_cave_pods, portal_ice_cave_entry_imps, grunt_megastairs_4
IceCv:    ice_cave_small_demon

Skill      XL: |  1  2  3  4  5  6  7  8  9 10 11 12 13 |
---------------+----------------------------------------+-----
Spellcasting   | 5 6 7 8 10 12 14 16 18 19 | 19.1
Fighting       | 1 2 4 |  4.8
Conjurations   | 2 3 4 5 6 8 9 10 11 | 11.5
Armour         | 1 2 3 4 5 |  5.0
Dodging        | 3 |  3.0
Shields        | 1 2 3 4 5 |  5.0
Alchemy        | 1 |  1.0
Stealth        | 3 |  3.0
Air Magic      | 1 |  1.1
Earth Magic    | 1 3 4 |  4.0
Evocations     | 1 |  1.0
Fire Magic     | 2 4 6 8 9 10 | 10.5
Necromancy     | 1 |  1.1
Ice Magic      | 1 |  1.0
Summonings     | |  1.1
Translocations | |  1.1

Action                     |  1- 3 |  4- 6 |  7- 9 | 10-12 | 13-15 || total
---------------------------+-------+-------+-------+-------+-------++-------
  Melee: Dagger            |    16 |    28 |    10 |       |       ||    54
         Mace              |       |       |   139 |   172 |     9 ||   320
         Punch             |       |       |     3 |     3 |       ||     6
   Cast: Magic Dart        |    94 |   151 |   315 |   129 |    24 ||   713
         Mephitic Cloud    |       |     2 |    29 |    43 |     2 ||    76
         Call Imp          |       |     2 |     3 |     9 |     1 ||    15
         Blink             |       |       |     1 |     1 |       ||     2
         Stone Arrow       |       |       |       |   146 |    68 ||   214
         Freezing Cloud    |       |       |       |    45 |    22 ||    67
         Flame Wave        |       |       |       |       |     4 ||     4
    Use: Scroll            |       |       |       |       |    11 ||    11
   Stab: Confused          |       |     3 |    12 |    14 |       ||    29
         Sleeping          |       |       |     2 |       |       ||     2
 Armour: Robe              |     5 |       |       |       |       ||     5
         Leather armour    |     9 |    23 |    82 |   147 |    32 ||   293
  Dodge: Dodged            |    34 |    69 |   186 |   242 |    19 ||   550

Table legend: (Time is in decaauts)
 A = Elapsed time spent in this place.
 B = Non-inter-level travel time spent in this place.
 C = Inter-level travel time spent in this place.
 D = Time resting spent in this place.
 E = Time spent auto-exploring this place.
 F = Levels seen in this place.
 G = Mean time per level.
                   A        B        C        D        E       F      G
               +--------+--------+--------+--------+--------+-----+--------+
         Total |  17731 |  16323 |   1408 |   1896 |  10929 |  17 | 1043.0 |
       Dungeon |  17043 |  15645 |   1398 |   1384 |  10919 |  14 | 1217.4 |
        Temple |     43 |     34 |      9 |      0 |      0 |   1 |   43.0 |
          Lair |     93 |     93 |      0 |     18 |      0 |   1 |   93.0 |
      Ice Cave |    550 |    550 |      0 |    494 |     10 |   1 |  550.0 |
               +--------+--------+--------+--------+--------+-----+--------+

Top non-repeatable levels by time:
     D:5: 2315 daAuts
    D:13: 1703 daAuts
    D:12: 1426 daAuts
    D:11: 1375 daAuts
     D:4: 1343 daAuts
     D:8: 1286 daAuts
     D:2: 1240 daAuts
     D:3: 1225 daAuts
     D:6: 1100 daAuts
     D:1: 1064 daAuts
     D:9: 1002 daAuts
    D:10: 988 daAuts
     D:7: 933 daAuts
   IceCv: 550 daAuts
  Lair:1: 93 daAuts
